 Dungeon Crawl Stone Soup version 0.31-a0-538-gbc85326fa9 (webtiles) character file.

Game seed: 12935614051423261747

3145 HallandMoats the Eye of the Storm (level 9, -1/78 HPs)
             Began as a Demonspawn Monk on Aug 14, 2023.
             Was a Priest of Qazlal.
             Slain by a boulder beetle (17 damage)
             ... on level 7 of the Dungeon.
             The game lasted 00:08:22 (4194 turns).

HallandMoats the Eye of the Storm (Demonspawn Monk) Turns: 4194, Time: 00:08:23

Health: -1/78      AC: 10    Str: 17    XL:     9   Next: 62%
Magic:  18/18      EV: 10    Int: 11    God:    Qazlal [***...]
Gold:   406        SH:  4    Dex: 17    Spells: 8/8 levels left

rFire   . . .        b - +6 flail of Jisseal {elec, Str+2}
rCold   + . .        d - orb {light}
rNeg    . . .        j - +0 scale mail
rPois   .            q - +0 helmet
rElec   .            (no cloak)
rCorr   .            y - +0 pair of gloves
SInv    .            (no boots)
Will    .....        D - amulet of regeneration Stlth
                     m - +4 ring of slaying
HPRegen 1.13/turn    x - ring of protection from cold
MPRegen 0.16/turn

%: no passive effects
@: glowing
A: hooves 2, molten scales 1, foul stench 2, spiny 1
a: Renounce Religion, Upheaval, Elemental Force


You were on level 7 of the Dungeon.
You worshipped Qazlal.
Qazlal was most pleased with you.
You visited 2 branches of the dungeon, and saw 8 of its levels.

You collected 406 gold pieces.

Inventory:

Hand Weapons
 a - a +0 hand axe
 b - the +6 flail of Jisseal (weapon) {elec, Str+2}
   (You found it on level 4 of the Dungeon)

   Str+2:     It affects your strength (+2).
Armour
 d - an orb of light (worn)
 j - a +0 scale mail (worn)
 q - a +0 helmet (worn)
 y - a +0 pair of gloves (worn)
Jewellery
 m - a +4 ring of slaying (left hand)
 x - a ring of protection from cold (right hand)
 B - a ring of resist corrosion
 D - an amulet of regeneration (around neck)
Wands
 s - a wand of flame (29)
 A - a wand of mindburst (12)
Scrolls
 e - a scroll of silence {unknown}
 f - a scroll of noise {unknown}
 g - 2 scrolls of butterflies {unknown}
 l - 3 scrolls of teleportation
 n - 2 scrolls of identify
 t - a scroll of revelation
 v - 2 scrolls of fear
 w - a scroll of acquirement {unknown}
 z - a scroll of poison {unknown}
 C - a scroll of enchant armour {unknown}
 F - a scroll of fog {unknown}
Potions
 c - 3 potions of ambrosia
 h - 2 potions of curing {unknown}
 i - a potion of lignification {unknown}
 k - 2 potions of degeneration {unknown}
 o - a potion of berserk rage {unknown}
 p - 2 potions of heal wounds {unknown}
 r - a potion of might {unknown}
 u - 2 potions of mutation {unknown}
 E - a potion of haste {unknown}


   Skills:
 + Level 10.1 Fighting
 - Level 2.6 Axes
 - Level 2.6 Dodging
 + Level 12.3 Invocations


You had 8 spell levels left.
You didn't know any spells.
Your spell library contained the following spells:

 Spells                   Type           Power      Damage    Failure   Level
 Apportation              Tloc           0%         N/A       78%         1
 Necrotise                Necr           0%         1d4       78%         1
 Summon Small Mammal      Summ           0%         N/A       78%         1
 Blink                    Tloc           0%         N/A       89%         2
 Lesser Beckoning         Tloc           0%         N/A       89%         2
 Momentum Strike          Conj/Tloc      0%         3d8       89%         2
 Poisonous Vapours        Pois/Air       0%         N/A       89%         2
 Gell's Gravitas          Tloc           0%         N/A       98%         3
 Mephitic Cloud           Conj/Pois/Air  0%         N/A       98%         3
 Teleport Other           Tloc           0%         N/A       98%         3
 Vhi's Electric Charge    Tloc/Air       0%         N/A       98%         3
 Arcjolt                  Conj/Air       0%         1d10      100%        5
 Freezing Cloud           Conj/Ice/Air   0%         6-21      100%        5
 Simulacrum               Ice/Necr       0%         N/A       100%        6
 Malign Gateway           Summ/Tloc      0%         N/A       100%        7
 Ozocubu's Refrigeration  Ice            0%         4d7       100%        7
 Maxwell's Capacitive Co  Air            0%         ∞         100%        8
 Summon Horrible Things   Summ           0%         N/A       100%        8
 Polar Vortex             Ice            0%         N/A       100%        9


Dungeon Overview and Level Annotations

Branches:
Dungeon (7/15)             Temple (1/1) D:4

Altars:
Ashenzari
Cheibriados
Dithmenos
Gozag
Kikubaaqudgha
Makhleb
Nemelex Xobeh
Okawaru
Qazlal
Ru
Sif Muna
Trog
Uskayaw
Vehumet
Wu Jian
Xom
Yredelemnul


Innate Abilities, Weirdness & Mutations

You have hoof-like feet.
You are partially covered in molten scales. (AC +2)
You sometimes emit foul miasma when damaged in melee.
You are partially covered in sharp spines.


Message History

The boulder beetle bites you!
The boulder beetle curls into a ball and begins rolling!
The deep elf pyromancer gestures wildly while chanting.
The boulder beetle stops rolling and uncurls.
The boulder beetle bites you but does no damage.
You sock the boulder beetle! You kick the boulder beetle.
The boulder beetle is lightly wounded.
The fire elemental disappears in a puff of smoke!
You block the boulder beetle's attack.
You hit the boulder beetle but do no damage.
Lightning courses through the boulder beetle!
You kick the boulder beetle, but do no damage.
The boulder beetle is moderately wounded.
The boulder beetle bites you!!
You hit the boulder beetle but do no damage.
You kick the boulder beetle, but do no damage.
The boulder beetle is moderately wounded.
The boulder beetle is struck by your spines.
The boulder beetle bites you!
You hit the boulder beetle but do no damage.
You kick the boulder beetle, but do no damage.
The boulder beetle is moderately wounded.
The boulder beetle leaps!
The boulder beetle bites you!
The boulder beetle bites you but does no damage.
Unknown command.
You hit the boulder beetle but do no damage.
The boulder beetle is moderately wounded.
The boulder beetle closely misses you.
You thump the boulder beetle!
You kick the boulder beetle, but do no damage.
The boulder beetle is heavily wounded.
The boulder beetle is engulfed in blazing flames.
The boulder beetle bites you but does no damage.
You hit the boulder beetle.
You kick the boulder beetle, but do no damage.
The boulder beetle is heavily wounded.
The boulder beetle bites you!!
* * * LOW HITPOINT WARNING * * *
The boulder beetle bites you!
You die...

#..#
########......####.#...
#.##
#..........##......#.#.
#.#
##.###.####....####.#.##
#.# ###..# #..##...###
#.#..# #.###...##
##....### #..#.# ##
#.#...######...###
#....# .# #.#.###
##...#######.# #.#... .#
#.### ###..###......#
#.#... .###.#
###...##.@######.#
#.##..
...#.###...###..#B#
#...(#
##....(..###..###W9#
#..#.# .##....###..#.#
##E## #.##..
.#...###....### ##BE###
#.###. ...###...##..##
##eE..### #.# ##
##.'..†#..##..#
##[##[... #.# ##
#†###.##..##.# ##): .###
#.# #. #...### #..###
##.} ### #.###.


You could see 2 boulder beetles, a deep elf pyromancer, 3 fire elementals, a
wraith and a gargoyle.

Vanquished Creatures
  An ugly thing (D:7)
  An unseen horror (D:7)
  A yak (D:7)
  A steam dragon (D:7)
  2 water moccasins
  A black bear (D:7)
  3 ice beasts
  An orc warrior (D:7)
  An ogre (D:6)
  2 kobold brigands (D:7)
  2 bullfrogs (D:7)
  4 scorpions
  6 wights (D:6)
  2 howler monkeys (D:7)
  4 hounds
  A jelly (D:5)
  A gnoll bouda (D:6)
  5 iguanas
  2 sleepcaps
  Jessica (D:3)
  9 gnolls
  10 adders
  2 ufetubi (D:5)
  2 worms
  3 dart slugs
  7 orcs
  4 endoplasms
  5 giant cockroaches
  9 goblins
  10 hobgoblins
  5 jackals
  18 kobolds
  3 quokkas
  7 ball pythons
  10 bats
  3 frilled lizards
  7 rats
156 creatures vanquished.

Vanquished Creatures (others)
  A vampire mosquito (D:7)
1 creature vanquished.

Grand Total: 157 creatures vanquished

Notes
Turn   | Place    | Note
-------+----------+-------------------------------------------
     0 | D:1      | HallandMoats the Demonspawn Monk began the quest for the
                  | Orb.
     0 | D:1      | Reached XP level 1. HP: 18/18 MP: 1/1
    87 | D:1      | Reached skill level 1 in Invocations
   160 | D:1      | Gained mutation: You have large cloven feet. [demonic
                  | ancestry]
   160 | D:1      | Reached XP level 2. HP: 19/24 MP: 1/3
   343 | D:1      | Reached skill level 2 in Invocations
   775 | D:1      | Reached XP level 3. HP: 29/29 MP: 4/4
   922 | D:2      | Reached skill level 3 in Invocations
  1446 | D:2      | Gained mutation: You are partially covered in sharp spines.
                  | [demonic ancestry]
  1446 | D:2      | Reached XP level 4. HP: 34/37 MP: 6/6
  1634 | D:3      | Noticed Jessica
  1639 | D:3      | Killed Jessica
  1640 | D:3      | Reached skill level 4 in Invocations
  1847 | D:3      | Gained mutation: You are partially covered in molten
                  | scales. (AC +2) [demonic ancestry]
  1847 | D:3      | Reached XP level 5. HP: 43/43 MP: 8/8
  1987 | D:4      | Found a bloodstained altar of Trog.
  2097 | D:4      | Reached skill level 5 in Fighting
  2097 | D:4      | Reached skill level 5 in Invocations
  2137 | D:4      | Found a staircase to the Ecumenical Temple.
  2148 | Temple   | Entered the Ecumenical Temple
  2212 | D:4      | Identified the +6 flail of Jisseal {elec, Str+2}
  2260 | D:4      | Gained mutation: You have hoof-like feet. [demonic
                  | ancestry]
  2260 | D:4      | Reached XP level 6. HP: 47/51 MP: 10/10
  2343 | D:4      | Reached skill level 6 in Invocations
  2601 | D:5      | Entered Level 5 of the Dungeon
  2628 | D:5      | Noticed an ice beast
  2630 | D:5      | Killed an ice beast
  2631 | D:5      | Reached XP level 7. HP: 58/58 MP: 10/12
  2691 | D:5      | Reached skill level 7 in Invocations
  2827 | D:5      | Found a stormy altar of Qazlal.
  2858 | D:5      | Became a worshipper of Qazlal Stormbringer
  2858 | D:5      | Reached * piety under Qazlal
  2858 | D:5      | Reached ** piety under Qazlal
  3026 | D:6      | Found a shadowy altar of Dithmenos.
  3062 | D:6      | Reached skill level 8 in Invocations
  3305 | D:6      | Gained mutation: You may rarely emit foul miasma when
                  | damaged in melee. [demonic ancestry]
  3305 | D:6      | Reached XP level 8. HP: 67/67 MP: 14/14
  3319 | D:6      | Reached skill level 9 in Invocations
  3488 | D:6      | Found a snail-covered altar of Cheibriados.
  3581 | D:6      | Found a radiant altar of Vehumet.
  3706 | D:7      | Reached skill level 10 in Invocations
  3898 | D:7      | Gained mutation: You sometimes emit foul miasma when
                  | damaged in melee. [demonic ancestry]
  3898 | D:7      | Reached XP level 9. HP: 62/75 MP: 15/17
  3906 | D:7      | Reached *** piety under Qazlal
  3930 | D:7      | Reached skill level 11 in Invocations
  4152 | D:7      | Noticed a deep elf pyromancer
  4152 | D:7      | Noticed a gargoyle
  4152 | D:7      | Noticed a boulder beetle
  4152 | D:7      | Noticed a green ugly thing
  4152 | D:7      | Noticed a boulder beetle
  4155 | D:7      | Noticed an unseen horror
  4168 | D:7      | Killed an unseen horror
  4169 | D:7      | Reached skill level 12 in Invocations
  4177 | D:7      | Killed a green ugly thing
  4178 | D:7      | Reached skill level 10 in Fighting
  4194 | D:7      | Slain by a boulder beetle

Illustrated notes

Levels and vault maps discovered:
D:1:      minmay_arrival_semitransparent, layout_basic, minmay_splitting_lines
D:2:      layout_rooms, minmay_tetromino_s4
D:3:      layout_basic, uniq_jessica
D:4:      layout_rooms, trog_hazing_becter, minmay_temple_entry_waves
D:5:      layout_rooms, amcnicky_altar_gilded
D:6:      layout_rooms, mainiacjoe_overflow_alcove_1,
          nicolae_dithmenos_shadow_blocks, kennysheep_mini
D:7:      minmay_the_grid_triangle_9x9_recursive_2
          [minmay_the_grid_triangle_9x9_prize_insulated,
          minmay_the_grid_triangle_9x9_skeleton,
          minmay_the_grid_triangle_9x9_minimal,
          minmay_the_grid_triangle_9x9_semitri], layout_rooms
Temple:   nicolae_temple_superstar

Skill      XL: |  1  2  3  4  5  6  7  8  9 |
---------------+----------------------------+-----
Invocations    | 1 2 3 4 5 6 8 10 12 | 12.3
Fighting       | 4 5 6 7 8 10 | 10.1
Axes           | |  2.6
Dodging        | |  2.6

Action                     |  1- 3 |  4- 6 |  7- 9 || total
---------------------------+-------+-------+-------++-------
  Melee: Hand axe          |    87 |    55 |       ||   142
         Kick              |    13 |    18 |    39 ||    70
         Flail             |       |    21 |   107 ||   128
    Use: Scroll            |       |       |     3 ||     3
 Armour: Robe              |     4 |       |       ||     4
         Scale mail        |    45 |    30 |    54 ||   129
  Dodge: Dodged            |    56 |    43 |    51 ||   150
  Block: Orb               |       |       |    17 ||    17

Table legend: (Time is in decaauts)
 A = Elapsed time spent in this place.
 B = Non-inter-level travel time spent in this place.
 C = Inter-level travel time spent in this place.
 D = Time resting spent in this place.
 E = Time spent auto-exploring this place.
 F = Levels seen in this place.
 G = Mean time per level.
                   A        B        C        D        E       F      G
               +--------+--------+--------+--------+--------+-----+--------+
         Total |   4260 |   4196 |     64 |    173 |   2891 |   8 |  532.5 |
       Dungeon |   4258 |   4194 |     64 |    173 |   2891 |   7 |  608.3 |
        Temple |      1 |      1 |      0 |      0 |      0 |   1 |    1.0 |
               +--------+--------+--------+--------+--------+-----+--------+

Top non-repeatable levels by time:
     D:1: 897 daAuts
     D:4: 688 daAuts
     D:2: 623 daAuts
     D:5: 596 daAuts
     D:6: 521 daAuts
     D:7: 509 daAuts
     D:3: 422 daAuts
  Temple: 1 daAuts
